AoeStats
← Bottm

Arena

510393020Analyzed
3v3 RM · 1d ago on Sep 30, 2026· 45m 53s· 6 players
Game mode
Random Map
Map size
Normal (6 player)
Population
200
Speed
Normal
Resources
Standard
Victory
Conquest
Starting age
Dark Age
Ending age
Imperial Age
RankedLock teamsTeams togetherTeam positionsShared explorationLock speedFull tech treeHidden civsTurbo modeCheats
Victory
Defeat
🇮🇪 Khmer · Ireland
1009
+17
🇨🇴 Bohemians · Colombia
969
+18
🇮🇪 Romans · Ireland
962
+19
🇩🇪 Georgians · Germany
1068
-20
🇩🇪 Saxons · Germany
1024
-18
🇩🇪 Britons · Germany
974
-16
THEPADDYDOC
11:33 Feudal Age
12:32 Horse Collar
15:20 Castle Age
15:38 Scale Barding Armor
23:36 Wheelbarrow
24:45 Double-Bit Axe
25:16 Gold Mining
27:33 Fletching
29:39 Bow Saw
30:15 Ballistics
30:49 Heavy Plow
31:20 Fortified Wall
36:23 Imperial Age
34:48 Hand Cart
36:28 Loom
36:43 Heavy Scorpion
38:28 Chemistry
37:35 Siege Engineers
36:56 Light Cavalry
37:36 Husbandry
37:53 Town Watch
38:43 Bloodlines
39:37 Gold Shaft Mining
38:53 Stone Mining
39:40 Chain Barding Armor
39:31 Forging
41:13 Crop Rotation
42:53 Plate Barding Armor
43:01 Iron Casting
luismjchan
10:38 Feudal Age
11:52 Double-Bit Axe
11:58 Horse Collar
16:20 Loom
19:16 Castle Age
18:17 Fletching
18:28 Padded Archer Armor
23:21 Bodkin Arrow
25:08 Bow Saw
28:25 Imperial Age
27:24 Chemistry
26:36 Elite Skirmisher
30:28 Wheelbarrow
30:24 Town Watch
30:56 Bracer
32:48 Pikeman
34:01 Leather Archer Armor
35:15 Ballistics
36:27 Siege Engineers
36:53 Hand Cart
38:28 Ring Archer Armor
38:28 Houfnice
39:43 Heavy Plow
39:50 Scale Mail Armor
40:43 Sanctity
40:33 Fervor
40:45 Block Printing
41:03 Conscription
40:48 Wagenburg Tactics
Biggus Dichus
9:37 Loom
11:34 Feudal Age
9:52 Loom
15:13 Castle Age
13:14 Double-Bit Axe
14:19 Horse Collar
16:45 Gold Mining
18:06 Bow Saw
19:12 Gold Shaft Mining
20:03 Wheelbarrow
20:03 Heavy Plow
25:22 Imperial Age
23:27 Stone Mining
24:41 Town Watch
26:50 Ballistics
27:52 Conscription
28:20 Stone Shaft Mining
29:05 Chemistry
31:12 Pikeman
32:02 Heavy Scorpion
33:48 Double Crossbow
34:47 Fletching
35:07 Scale Mail Armor
35:03 Halberdier
35:59 Forging
36:56 Chain Mail Armor
38:03 Hand Cart
38:36 Siege Engineers
39:18 Arson
40:10 Iron Casting
39:31 Bodkin Arrow
39:45 Capped Ram
43:23 Blast Furnace
42:04 Siege Ram
43:22 Scale Barding Armor
45:38 Elite Battle Elephant
46:29 Bloodlines
46:24 Tusk Swords
Bot LarryS
10:00 Loom
11:47 Feudal Age
13:20 Double-Bit Axe
16:18 Castle Age
14:16 Horse Collar
15:12 Gold Mining
15:15 Stone Mining
19:20 Scale Mail Armor
19:31 Forging
19:14 Fletching
20:36 Pikeman
21:17 Squires
31:18 Imperial Age
29:30 Wheelbarrow
31:06 Bow Saw
30:47 Crossbowman
31:33 Thumb Ring
31:25 Bodkin Arrow
31:31 Padded Archer Armor
31:58 Onager
33:20 Conscription
35:03 Chemistry
35:02 Siege Engineers
35:18 Elite Hearth Troop
36:17 Leather Archer Armor
37:02 Chain Mail Armor
37:29 Iron Casting
37:50 Bracer
37:44 Arbalester
39:26 Plate Mail Armor
38:59 Arson
39:00 Gambesons
39:08 Shield Wall
42:44 Ring Archer Armor
42:24 Halberdier
42:47 Elite Varangian Guard
Dorian
4:10 Loom
13:50 Feudal Age
14:15 Horse Collar
14:28 Double-Bit Axe
14:53 Gold Mining
17:29 Wheelbarrow
16:41 Town Watch
17:32 Stone Mining
22:50 Castle Age
22:04 Fletching
22:15 Padded Archer Armor
25:10 Hand Cart
24:57 Town Patrol
25:35 Gold Shaft Mining
25:01 Heavy Plow
25:17 Bow Saw
28:56 Bodkin Arrow
29:16 Leather Archer Armor
31:09 Murder Holes
31:25 Masonry
31:01 Treadmill Crane
33:56 Imperial Age
33:24 Fortified Wall
33:38 Ballistics
35:51 Two-Man Saw
36:05 Chemistry
35:44 Ring Archer Armor
35:16 Bracer
37:20 Elite Longbowman
38:36 Conscription
38:43 Yeomen
40:06 Warwolf
40:48 Hoardings
40:31 Caravan
41:02 Coinage
40:43 Guilds
40:16 Sappers
44:07 Banking
Bottm
11:43 Feudal Age
13:06 Double-Bit Axe
13:16 Horse Collar
14:55 Loom
18:10 Castle Age
23:23 Bow Saw
23:54 Wheelbarrow
23:26 Gold Mining
27:00 Imperial Age
24:51 Stone Mining
29:26 Forging
29:22 Scale Barding Armor
31:18 Onager
33:23 Siege Engineers
34:20 Chemistry
36:38 Fortified Wall
36:10 Treadmill Crane
36:31 Murder Holes
36:47 Svan Towers
39:39 Conscription
39:46 Siege Onager
Connection lost

Rejoining the realm…

Still unreachable

The connection could not be restored.

Session expired

The server has moved on; the page needs a fresh start.